 Dungeon Crawl Stone Soup version 0.29.1-15-g9cfb28693d (console) character file.

Game seed: 5596522300011744608

2 sentinel the Digger (level 1, 14/14 HPs)
             Began as a Meteoran Earth Elementalist on Aug 13, 2023.
             Quit the game on level 1 of the Dungeon.
             The game lasted 00:00:05 (142 turns).

sentinel the Digger (Meteoran Earth Elementalist)    Turns: 142, Time: 00:00:05

Health: 14/14      AC:  2    Str:  9    XL:     1   Next: 57%
Magic:  5/5        EV: 12    Int: 16    God:
Gold:   0          SH:  0    Dex: 14    Spells: 4/5 levels left

rFire   . . .      SeeInvis .   (no weapon)
rCold   . . .      Faith    .   (no shield)
rNeg    . . .      Spirit   .   a - +0 robe
rPois   .          Reflect  .   (no helmet)
rElec   .          Harm     .   (no cloak)
rCorr   .          Rampage  .   (no gloves)
Will    .....                   (no boots)
Stlth   +.........              (no amulet)
HPRegen 0.04/turn               (no ring)
MPRegen 0.09/turn               (no ring)

@: glowing
A: sense surroundings 1, otherworldly, glowing, explore regen
a: no special abilities


You were on level 1 of the Dungeon.
You visited 1 branch of the dungeon, and saw 1 of its levels.

Inventory:

Missiles
 d - 4 javelins
Armour
 a - a +0 robe (worn)
Scrolls
 c - a scroll of teleportation {unknown}
 e - a scroll of immolation {unknown}
Potions
 b - a potion of magic


   Skills:
 - Level 2.4 Dodging
 - Level 1.4 Stealth
 - Level 2.6 Spellcasting
 - Level 1.2 Transmutations
 + Level 3.9 Earth Magic


You had 4 spell levels left.
You knew the following spells:

 Your Spells              Type           Power      Damage    Failure   Level
a - Sandblast             Erth           28%        2d8       4%          1

Your spell library contained the following spells:

 Spells                   Type           Power      Damage    Failure   Level
 Passwall                 Tmut/Erth      8%         N/A       11%         2
 Stone Arrow              Conj/Erth      16%        3d8       26%         3
 Petrify                  Tmut/Erth      10%        N/A       56%         4


Dungeon Overview and Level Annotations

Branches:
Dungeon (1/15) Zot: 455

Altars:


Innate Abilities, Weirdness & Mutations

You passively map a small area around you.
You are easily found by Zot.
You glow in the dark.
You regain HP and MP as you explore.


Message History

You enter the shallow water.
Moving in this stuff is going to be slow.
A frilled lizard and a bat come into view.
The frilled lizard hisses angrily.
The frilled lizard hisses.
The frilled lizard moves out of view.
Unknown command.
But you're not safe!
Unknown command.
But you're not safe!
Unknown command.
But you're not safe!
Unknown command.
But you're not safe!
Unknown command.
The blast of sand hits the bat.
You kill the bat!
The blast of sand hits the frilled lizard!
You kill the frilled lizard!
You can't see any susceptible monsters within range! (Use Z to cast anyway.) Unknown command.
You can't see any susceptible monsters within range! (Use Z to cast anyway.) Unknown command.
You can't see any susceptible monsters within range! (Use Z to cast anyway.) Unknown command.
You can't see any susceptible monsters within range! (Use Z to cast anyway.) Unknown command.
No target in view!
No target in view!
You can't see any susceptible monsters within range! (Use Z to cast anyway.) Unknown command.
You can't see any susceptible monsters within range! (Use Z to cast anyway.) Unknown command.
You can't see any susceptible monsters within range! (Use Z to cast anyway.) Unknown command.
You can't see any susceptible monsters within range! (Use Z to cast anyway.) Unknown command.
No target in view!
No target in view!
You can't see any susceptible monsters within range! (Use Z to cast anyway.) Unknown command.
You can't see any susceptible monsters within range! (Use Z to cast anyway.) Unknown command.
You can't see any susceptible monsters within range! (Use Z to cast anyway.) Unknown command.
You can't see any susceptible monsters within range! (Use Z to cast anyway.) Unknown command.
Magic restored.
c - a scroll labelled TEUHAE PAM DIT Unknown command.
d - 4 javelins You see here a bat corpse.
Found a faded altar of an unknown god.
Unknown command.
Found 17 gold pieces.
Unknown command.
A ball python comes into view.
The ball python hisses angrily.
Unknown command.
But you're not safe!
Unknown command.
The blast of sand hits the ball python!
You kill the ball python!
No target in view!
You can't see any susceptible monsters within range! (Use Z to cast anyway.) Unknown command.
You can't see any susceptible monsters within range! (Use Z to cast anyway.) Unknown command.
You can't see any susceptible monsters within range! (Use Z to cast anyway.) Unknown command.
You can't see any susceptible monsters within range! (Use Z to cast anyway.) Unknown command.
No target in view!
No target in view!
You can't see any susceptible monsters within range! (Use Z to cast anyway.) Unknown command.
You can't see any susceptible monsters within range! (Use Z to cast anyway.) Unknown command.
You can't see any susceptible monsters within range! (Use Z to cast anyway.) Unknown command.
You can't see any susceptible monsters within range! (Use Z to cast anyway.) Unknown command.
No target in view!
No target in view!
You can't see any susceptible monsters within range! (Use Z to cast anyway.) Unknown command.
You can't see any susceptible monsters within range! (Use Z to cast anyway.) Unknown command.
You can't see any susceptible monsters within range! (Use Z to cast anyway.) Unknown command.
You can't see any susceptible monsters within range! (Use Z to cast anyway.) Unknown command.
A ball python comes into view.
Found a scroll labelled RESAOS DEVI.
The ball python hisses angrily.
Unknown command.
But you're not safe!
Unknown command.
But you're not safe!
Unknown command.
But you're not safe!
Unknown command.
But you're not safe!
Unknown command.
The blast of sand hits the ball python!
You kill the ball python!
No target in view!
You can't see any susceptible monsters within range! (Use Z to cast anyway.) Unknown command.
You can't see any susceptible monsters within range! (Use Z to cast anyway.) Unknown command.
You can't see any susceptible monsters within range! (Use Z to cast anyway.) Unknown command.
You can't see any susceptible monsters within range! (Use Z to cast anyway.) Unknown command.
No target in view!
No target in view!
You can't see any susceptible monsters within range! (Use Z to cast anyway.) Unknown command.
You can't see any susceptible monsters within range! (Use Z to cast anyway.) Unknown command.
You can't see any susceptible monsters within range! (Use Z to cast anyway.) Unknown command.
You can't see any susceptible monsters within range! (Use Z to cast anyway.) Unknown command.
No target in view!
No target in view!
You can't see any susceptible monsters within range! (Use Z to cast anyway.) Unknown command.
You can't see any susceptible monsters within range! (Use Z to cast anyway.) Unknown command.
You can't see any susceptible monsters within range! (Use Z to cast anyway.) Unknown command.
You can't see any susceptible monsters within range! (Use Z to cast anyway.) Unknown command.
e - a scroll labelled RESAOS DEVI Unknown command.
Found 5 gold pieces.
Unknown command.
Found 13 gold pieces.
Found a stone staircase leading down.
Unknown command.
Found a sling.
Unknown command.
Found a whip.
Unknown command.
Unknown command.
Unknown command.
Unknown command.
Unknown command.
Are you sure you want to abandon this character and quit the game? (Confirm with "yes".)

* ####+##.# #.####.##..
,,
........####....#.##.. *
........#...###.#.##.. *
# .#..##.#....+.....$...
,
#.##..#.##....#.....##.#
)... #....##..#.#.#....#
♣..#.♣♣..#.........### *
#..♣♣.#..>..#.#... , ,
,##.@..##......#....
#.?##.#........+...$. *
#. #.##...######..... *
.. #.. .#### ,♣♣ #.♣♣. ,
, , ..*♣. , , ##.,). * ,
,. .# * .# ,


There were no monsters in sight!

Vanquished Creatures
  2 ball pythons (D:1)
  A bat (D:1)
  A frilled lizard (D:1)
4 creatures vanquished.

Notes
Turn   | Place    | Note
-------+----------+-------------------------------------------
     0 | D:1      | sentinel the Meteoran Earth Elementalist began the quest
                  | for the Orb.
     0 | D:1      | Reached XP level 1. HP: 14/14 MP: 5/5
    83 | D:1      | Found a faded altar of an unknown god.
   142 | D:1      | Quit the game

Illustrated notes

Levels and vault maps discovered:
D:1:      eino_arrival_water_star, layout_basic,
          shapermc_ecumenical_altar_totnotflames, serial_shops, shop,
          nicolae_eternal_life, item_on_display_a

Action                   || total
-------------------------++-------
 Cast: Sandblast         ||     4
